 Dungeon Crawl Stone Soup version 0.29.1-12-g30fa7ad0bf (webtiles) character file.

Game seed: 310159299536951124

41 FexLirch the Ruffian (level 3, -2/31 HPs)
             Began as a Naga Transmuter on Dec 16, 2022.
             Slain by a goblin
             ... wielding a +0 dagger
             ... led by Robin
              (3 damage)
             ... on level 2 of the Dungeon.
             The game lasted 00:03:45 (1772 turns).

FexLirch the Ruffian (Naga Transmuter)              Turns: 1772, Time: 00:03:45

Health: -2/31      AC:  2    Str: 14    XL:     3   Next: 52%
Magic:  4/6        EV:  9    Int: 13    God:
Gold:   50         SH:  0    Dex: 11    Spells: 3/6 levels left

rFire   . . .      SeeInvis +     - Unarmed
rCold   . . .      Faith    .   (no shield)
rNeg    . . .      Spirit   .   a - +0 robe
rPois   +          Reflect  .   (helmet currently unavailable)
rElec   .          Harm     .   (no cloak)
rCorr   .          Rampage  .   (no gloves)
Will    .....                   (no barding)
Stlth   +.........              (no amulet)
HPRegen 0.10/turn               (no ring)
MPRegen 0.10/turn               (no ring)

@: appendages (expiring), wereblooded, flying, very slow
A: horns 2, AC +1, large, see invisible, deformed body, poison resistance,
slowness 2, spit poison 1, naga tail 1
a: Spit Poison, End Transformation


You were on level 2 of the Dungeon.
You had temporarily grown beastly horns.
You visited 1 branch of the dungeon, and saw 2 of its levels.

You collected 50 gold pieces.

Inventory:

Missiles
 f - 14 stones
Armour
 a - a +0 robe (worn)
Scrolls
 c - a scroll of noise {unknown}
 e - a scroll of enchant weapon
 g - a scroll of fear {unknown}
 h - a scroll of enchant armour {unknown}
 k - a scroll of teleportation {unknown}
 l - 2 scrolls of identify {unknown}
Potions
 b - a potion of flight
 d - a potion of heal wounds {unknown}
 i - a potion of haste {unknown}
 j - a potion of mutation {unknown}


   Skills:
 - Level 1.0 Fighting
 - Level 1.5 Dodging
 + Level 3.8 Unarmed Combat
 - Level 2.0 Spellcasting
 + Level 3.0 Transmutations


You had 3 spell levels left.
You knew the following spells:

 Your Spells              Type           Power      Damage    Failure   Level
a - Beastly Appendage     Tmut           18%        N/A       8%          1
b - Wereblood             Tmut           9%         N/A       11%         2

Your spell library contained the following spells:

 Spells                   Type           Power      Damage    Failure   Level
 Freeze                   Ice            4%         1d3       26%         1
 Spider Form              Tmut/Pois      5%         N/A       38%         3
 Frozen Ramparts          Ice            2%         1d1       58%         3
 Ice Form                 Ice/Tmut       5%         N/A       80%         4
 Hailstorm                Conj/Ice       1%         3d3       94%         4


Dungeon Overview and Level Annotations

Branches:
Dungeon (2/15)

Altars:

Annotations:
D:2 Robin


Innate Abilities, Weirdness & Mutations

You have temporarily grown beastly horns.
Your serpentine skin is tough. (AC +1)
You have supernaturally acute eyesight. (SInv)
Armour fits poorly on your strangely shaped body.
Your system is resistant to poisons. (rPois)
You cover ground very slowly.
You can spit poison.
You have a snake-like lower body.


Message History

A goblin comes into view. It is wielding a +0 dagger.
The goblin hits you with a +0 dagger.
Robin points. "Kill!"
Robin roars a battlecry!
The goblins go into a battle-frenzy!
Unknown command.
The goblin hits you but does no damage. The goblin barely misses you.
Unknown command.
Unknown command.
Unknown command.
Unknown command.
The hobgoblin attacks as you move away! The hobgoblin hits you.
The goblin attacks as you move away! The goblin hits you with a +0 dagger.
Robin says, "A pitiful Naga like you will never find the ORB!"
Unknown command.
Unknown command.
The hobgoblin attacks as you move away!
The hobgoblin hits you but does no damage.
The goblin attacks as you move away! The goblin hits you with a +0 dagger.
Robin throws the goblin at you! The goblin barely misses you.
The goblin hits you with a +0 dagger. The goblin hits you but does no damage.
Unknown command.
Unknown command.
You miss the goblin. The goblin barely misses you.
The goblin hits you with a +0 dagger. The goblin barely misses you.
The goblin closely misses you.
As you read the scroll labelled HAJ QIMEXA, it crumbles to dust.
It is a scroll of enchant weapon.
You aren't carrying any weapons that can be enchanted.
The goblin hits you with a +0 club.
* * * LOW HITPOINT WARNING * * *
The goblin hits you but does no damage. The goblin hits you with a +0 dagger.
* * * LOW HITPOINT WARNING * * *
The goblin closely misses you. The hobgoblin closely misses you.
It was a potion of flight.
You feel very buoyant.
You fly up into the air.
The goblin closely misses you. The hobgoblin hits you.
* * * LOW HITPOINT WARNING * * *
The goblin hits you with a +0 dagger.
You die...

.### .. .....#####.# #..#
.......###.........#.# #..#
.....#.......#.......###..#
.............. ...<......
.......g....# #........
.gg...g#g#..#######........
##g.g........)†<......
#..gg#########........
#.#gg@### #........
#.##ggg.# ##........
#.#..##.# ##.........
#.#.###.####..........
#.#.###..##.^########.
..#.#........# #.
..#.......># ##
..#........# # ########## #


You could see Robin, 3 hobgoblins and 8 goblins.

Vanquished Creatures
  An adder (D:2)
  5 endoplasms
  A giant cockroach (D:1)
  4 goblins (D:1)
  2 hobgoblins
  6 kobolds
  A quokka (D:1)
  4 bats
  3 frilled lizards (D:1)
  4 rats
31 creatures vanquished.

Notes
Turn   | Place    | Note
-------+----------+-------------------------------------------
     0 | D:1      | FexLirch the Naga Transmuter began the quest for the Orb.
     0 | D:1      | Reached XP level 1. HP: 18/18 MP: 3/3
   251 | D:1      | Found a faded altar of an unknown god.
   266 | D:1      | Reached XP level 2. HP: 11/25 MP: 1/5
   841 | D:1      | Learned a level 2 spell: Wereblood
   896 | D:1      | Reached XP level 3. HP: 29/31 MP: 4/6
  1764 | D:2      | Noticed Robin
  1772 | D:2      | HP: 1/31 [hobgoblin[Robin] (3)]
  1772 | D:2      | Slain by a goblin

Illustrated notes

Levels and vault maps discovered:
D:1:      saegor_arrival_under_anarchy, layout_basic,
          ebering_ecumenical_altar_box, minmay_ruptured
D:2:      layout_rooms, basic_altar, minmay_pentomino_p2, uniq_robin

Skill      XL: |  1  2  3 |
---------------+----------+-----
Transmutations | 3 |  3.0
Fighting       | |  1.0
Dodging        | |  1.5
Unarmed Combat | |  3.8
Spellcasting   | |  2.0

Action                   || total
-------------------------++-------
Melee: Unarmed           ||    84
       Headbutt          ||     5
       Punch             ||     2
 Cast: Beastly Appendage ||    19
       Wereblood         ||     4
 Abil: Spit Poison       ||     8
  Use: Potion            ||     2
       Scroll            ||     1
Armor: Skin              ||     6
       Robe              ||    20
Dodge: Dodged            ||    48
